 Dungeon Crawl Stone Soup version 0.26-a0-28-gc929df5585 (webtiles) character file.

Game seed: 1155506809066977982, levelgen mode: deterministic

4809 Arixos the Martial Artist (level 10, 0/79 HPs)
             Began as a Demonspawn Monk on May 28, 2020.
             Was a Follower of Ru.
             Slain by a blink frog (9 damage)
             ... on level 2 of the Lair of Beasts.
             The game lasted 01:05:27 (11455 turns).

Arixos the Martial Artist (Demonspawn Monk)        Turns: 11455, Time: 01:05:28

Health: 0/79       AC:  8    Str: 15    XL:     10   Next: 24%
Magic:  10/10      EV: 15    Int: 12    God:    Ru [*.....]
Gold:   362        SH:  0    Dex: 15    Spells: 9/9 levels left

rFire    . . .     SeeInvis .     - Unarmed
rCold    + . .     Gourm    .   (no shield)
rNeg     + . .     Faith    .   r - +1 ring mail of Qigozi {rElec MR+}
rPois    .         Spirit   .   j - +0 helmet
rElec    +         Reflect  .   (no cloak)
rCorr    .         Harm     .   (gloves unavailable)
MR       +....     Rnd*Tele +   (no boots)
Stlth    +.........             (no amulet)
HPRegen  0.23/turn              A - ring of teleportation (curse)
MPRegen  0.12/turn              E - ring of positive energy

@: no status effects
A: claws 3, cold resistance 1, demonic guardian 1, no charms magic, no poison
magic, no transmutations magic
a: Sacrifice an Eye, Sacrifice a Hand, Sacrifice Stealth, Reject Sacrifices,
Renounce Religion


You were on level 2 of the Lair of Beasts.
You worshipped Ru.
Ru was aware of your devotion.
You were not hungry.

You visited 3 branches of the dungeon, and saw 11 of its levels.

You collected 362 gold pieces.

Inventory:

Hand Weapons
 a - a +4 spear
 C - a +0 falchion of flaming
Missiles
 p - 18 poisoned darts (quivered)
Armour
 j - a +0 helmet (worn)
 m - a +2 scale mail of fire resistance
 r - the +1 ring mail of Qigozi (worn) {rElec MR+}
   (You found it on level 5 of the Dungeon)

   It insulates you from electricity.
   It affects your resistance to hostile enchantments.
Jewellery
 A - a cursed ring of teleportation (left claw)
 E - a ring of positive energy (right claw)
Wands
 d - a wand of polymorph (5)
 q - a wand of acid (9)
 y - a wand of flame (17)
Scrolls
 c - 10 scrolls of identify
 f - 2 scrolls of enchant armour
 n - 2 scrolls of fog
 u - 3 scrolls of amnesia
 x - 2 scrolls of magic mapping {unknown}
 B - 2 scrolls of enchant weapon {unknown}
 D - a scroll of holy word {unknown}
 G - a scroll of blinking {unknown}
Potions
 e - 2 potions of degeneration {unknown}
 h - a potion of flight {unknown}
 i - a potion of mutation {unknown}
 k - a potion of stabbing {unknown}
 o - a potion of curing
 s - a potion of might {unknown}
 t - 2 potions of lignification {unknown}
 w - a potion of cancellation {unknown}
 z - a potion of invisibility {unknown}
 F - a potion of haste {unknown}
Comestibles
 b - 9 rations


   Skills:
 + Level 7.5 Fighting
 + Level 6.0 Armour
 + Level 6.8 Dodging
 - Level 1.7 Stealth
 * Level 9.1 Unarmed Combat


You had 9 spell levels left.
You didn't know any spells.
Your spell library contained the following spells:

 Spells                   Type           Power        Failure   Level  Hunger
 Freeze                   Ice            #...         52%         1    ##.....
 Frozen Ramparts          Ice            #.....       87%         3    ####...
 Hailstorm                Conj/Ice       #.......     99%         4    #####..
 Summon Ice Beast         Ice/Summ       #.......     99%         4    #####..
 Ozocubu's Armour         Chrm/Ice       Unusable     N/A         3    N/A

Dungeon Overview and Level Annotations

Branches:
Dungeon (8/15)             Temple (1/1) D:6            Lair (2/6) D:8
  Snake (0/4) Lair:2
  Swamp: Lair:2-4    Shoals: Lair:2-4

Altars:
Ashenzari
Cheibriados
Dithmenos
Elyvilon
Fedhas
Gozag
Hepliaklqana
Kikubaaqudgha
Makhleb
Nemelex Xobeh
Okawaru
Qazlal
Ru
Sif Muna
Trog
Uskayaw
Vehumet
Wu Jian
Xom
Yredelemnul
Zin
The Shining One

Annotations:
Lair:2 exclusion: upstairs


Innate Abilities, Weirdness & Mutations

You have claws for hands.
Your flesh is cold resistant. (rC+)
A weak demonic guardian rushes to your aid.
You cannot study or cast Charms magic.
You cannot study or cast Poison magic.
You cannot study or cast Transmutations magic.


Message History

Your quasit disappears in a puff of smoke!
Your iron imp hits the blink frog!
The blink frog gives a loud, deep croak!
The blink frog barely misses you.
The blink frog begins to attack, but is stunned by your will!
The blink frog blinks!
The basilisk gazes at you.
Your iron imp resists with significant effort.
The blink frog blinks!
Your iron imp hits the basilisk.
The blink frog hits your iron imp but does no damage.
The blink frog closely misses your iron imp.
The blink frog hits your iron imp! The blink frog completely misses you.
The blink frog blinks!
Your iron imp closely misses the basilisk.
The blink frog hits your iron imp.
The blink frog blinks!
The basilisk gazes at you. You resist with almost no effort.
Your iron imp hits the basilisk.
The blink frog hits you but does no damage.
The blink frog hits you!
You die...

............... ....
#.P............ ....
............... .
...P##....#...P....# ..
..........>........
...###.P....##P........≈
.#..PP.#.....#........≈≈
........F......<......≈≈
...#..@#P5....P......≈≈
........F............≈≈≈
........#..#........P.≈≈
......................≈≈
...#.#.#..#Pl..........≈
...P......#P........P...
..............5.........
##.#..#..........#.##..
.......PP.............


You could see a basilisk, 2 blink frogs and a friendly iron imp (summoned).

Vanquished Creatures
  Pikel (D:4)
  An ugly thing (D:7)
  2 spiny frogs (Lair:2)
  2 blink frogs (Lair:2)
  2 porcupines (D:8)
  A water moccasin (D:7)
  2 slaves (D:3)
  An orc warrior (D:8)
  A black bear (D:6)
  A phantom (D:5)
  2 ogres
  2 bullfrogs
  Blork the orc (D:4)
  A gnoll sergeant (D:7)
  6 wights
  2 crimson imps (D:5)
  A bullfrog zombie (D:8)
  2 centaur zombies
  A centaur skeleton (D:7)
  3 hounds
  6 orc priests
  Terence (D:2)
  Natasha (D:2)
  9 orc wizards
  7 worker ants
  2 hell rats (D:8)
  Robin (D:1)
  4 gnolls (D:7)
  A river rat (D:8)
  8 adders
  A howler monkey skeleton (D:6)
  A shadow imp (D:5)
  6 worms
  4 dart slugs
  3 leopard geckos
  38 orcs
  8 bats
  8 giant cockroaches
  17 goblins
  13 hobgoblins
  6 jackals
  7 quokkas
  2 ball pythons
  5 frilled lizards
  10 kobolds
  8 rats
212 creatures vanquished.

Vanquished Creatures (collateral kills)
  A hungry ghost (D:7)
  2 porcupines (D:8)
  An orc warrior (D:8)
  A sky beast (D:5)
  An ice beast (D:7)
  A centaur (D:5)
  2 ogres
  A bullfrog zombie (D:8)
  A crimson imp (D:5)
  An orc priest (D:7)
  Natasha (twice) (D:2)
  5 orcs
  A giant cockroach (D:8)
  A goblin (D:2)
  A jackal (D:2)
  A frilled lizard (D:3)
  A kobold (D:3)
  A rat (D:2)
25 creatures vanquished.

Vanquished Creatures (others)
  A giant cockroach (D:4)
  2 fungi (Lair:2)
  A plant (Lair:2)
4 creatures vanquished.

Grand Total: 241 creatures vanquished

Notes
Turn   | Place    | Note
-------+----------+-------------------------------------------
     0 | D:1      | Arixos the Demonspawn Monk began the quest for the Orb.
     0 | D:1      | Reached XP level 1. HP: 18/18 MP: 1/1
   173 | D:1      | Gained mutation: A weak demonic guardian rushes to your
                  | aid. [demonic ancestry]
   173 | D:1      | Reached XP level 2. HP: 17/24 MP: 2/2
   390 | D:1      | Reached skill level 1 in Armour
   607 | D:1      | Gained mutation: You have sharp fingernails. [demonic
                  | ancestry]
   607 | D:1      | Reached XP level 3. HP: 29/29 MP: 3/3
   683 | D:1      | Reached skill level 3 in Unarmed Combat
  1123 | D:2      | Noticed Natasha
  1135 | D:2      | Killed Natasha
  1135 | D:2      | Reached XP level 4. HP: 27/36 MP: 4/4
  1307 | D:2      | Noticed Robin
  1392 | D:1      | Killed Robin
  1565 | D:2      | Noticed Natasha
  1578 | D:2      | Killed Natasha
  1594 | D:2      | Noticed Terence
  1611 | D:2      | Killed Terence
  1611 | D:2      | Reached XP level 5. HP: 23/42 MP: 5/5
  1615 | D:2      | Noticed Natasha
  1632 | D:2      | Killed Natasha
  2799 | D:3      | Reached skill level 4 in Unarmed Combat
  2925 | D:3      | Noticed an ogre
  2946 | D:3      | Killed an ogre
  2946 | D:3      | Gained mutation: You have very sharp fingernails. [demonic
                  | ancestry]
  2946 | D:3      | Reached XP level 6. HP: 32/48 MP: 6/6
  3428 | D:4      | Found a snail-covered altar of Cheibriados.
  3506 | D:4      | Noticed a slave
  3508 | D:4      | Noticed Pikel
  3508 | D:4      | Noticed a slave
  3510 | D:4      | Noticed a slave
  3516 | D:4      | Noticed a slave
  3548 | D:3      | Killed a slave
  3554 | D:3      | Killed a slave
  3641 | D:4      | Killed Pikel
  3641 | D:4      | Reached skill level 5 in Unarmed Combat
  3641 | D:4      | Reached XP level 7. HP: 26/55 MP: 7/7
  4173 | D:4      | Reached skill level 5 in Fighting
  4667 | D:4      | Noticed Blork the orc
  4678 | D:4      | Killed Blork the orc
  4978 | D:5      | Entered Level 5 of the Dungeon
  5089 | D:5      | Gained mutation: Your flesh is cold resistant. (rC+)
                  | [demonic ancestry]
  5089 | D:5      | Reached XP level 8. HP: 62/62 MP: 8/8
  5175 | D:5      | Got a garnet-encrusted ring mail
  5176 | D:5      | Identified the +1 ring mail of Qigozi {rElec MR+} (You
                  | found it on level 5 of the Dungeon)
  5274 | D:5      | Reached skill level 6 in Unarmed Combat
  5600 | D:5      | Reached skill level 5 in Dodging
  5844 | D:5      | Found a shimmering altar of Xom.
  6372 | D:6      | Found a radiant altar of Vehumet.
  6465 | D:6      | Reached skill level 7 in Unarmed Combat
  6523 | D:6      | Found a staircase to the Ecumenical Temple.
  6532 | Temple   | Entered the Ecumenical Temple
  6676 | Temple   | Became a worshipper of Ru the Awakened
  6741 | D:6      | Gained mutation: You cannot study or cast Poison magic. [Ru
                  | sacrifice]
  6741 | D:6      | Gained mutation: You cannot study or cast Transmutations
                  | magic. [Ru sacrifice]
  6741 | D:6      | Gained mutation: You cannot study or cast Charms magic. [Ru
                  | sacrifice]
  6741 | D:6      | Reached * piety under Ru
  7399 | D:7      | Reached XP level 9. HP: 57/69 MP: 9/9
  8143 | D:8      | Noticed a death yak
  8148 | D:8      | Noticed a death yak
  8151 | D:8      | Noticed a death yak
  8400 | D:8      | Reached skill level 5 in Armour
  8741 | D:8      | Reached skill level 8 in Unarmed Combat
  9116 | D:8      | Found a blossoming altar of Fedhas.
  9463 | D:8      | Found a shattered altar of Ashenzari.
  9464 | D:8      | Found Kustru's Gadget Boutique.
  9481 | D:8      | Found a staircase to the Lair.
  9524 | D:8      | Noticed a cyan ugly thing
  9593 | D:7      | Killed a cyan ugly thing
 10211 | D:8      | Found an iron altar of Okawaru.
 10211 | D:8      | Found a basalt altar of Yredelemnul.
 10211 | D:8      | Found a bloodstained altar of Trog.
 10222 | D:8      | Found an opulent altar of Gozag.
 10223 | D:8      | Found a stormy altar of Qazlal.
 10765 | Lair:1   | Entered Level 1 of the Lair of Beasts
 10765 | Lair:1   | Noticed a five-headed hydra
 10908 | Lair:2   | Found a staircase to the Snake Pit.
 10909 | Lair:2   | Noticed a guardian serpent
 10909 | Lair:2   | Noticed a spiny frog
 10949 | Lair:2   | Noticed a spiny frog
 10964 | Lair:2   | Killed a spiny frog
 10964 | Lair:2   | Gained mutation: You have claws for hands. [demonic
                  | ancestry]
 10964 | Lair:2   | Reached XP level 10. HP: 56/79 MP: 10/10
 11244 | Lair:2   | Reached skill level 9 in Unarmed Combat
 11404 | Lair:2   | Noticed a spiny frog
 11417 | Lair:2   | Killed a spiny frog
 11433 | Lair:2   | HP: 2/79 [blink frog (3)]
 11455 | Lair:2   | Slain by a blink frog

Illustrated notes

Levels and vault maps discovered:
D:1:      dpeg_arrival_rhombus, layout_loops_cross,
          chequers_serial_rivers_small_3, minmay_worlds_worst_comb
D:2:      layout_rooms, serial_forest, infiniplex_forest_end_1,
          infiniplex_forest_end_1, infiniplex_forest_corner_2,
          infiniplex_forest_end_2, infiniplex_forest_end_2,
          infiniplex_forest_straight_2, infiniplex_forest_end_2,
          infiniplex_forest_corner_1, infiniplex_forest_clump_medium,
          first_ration, minmay_domino_2, uniq_robin, uniq_terence, uniq_natasha
D:3:      layout_rooms, grunt_ministairs_5
D:4:      layout_cave_pods, kennysheep_slug_shrine, grunt_ministairs_10,
          nrook_mini_backslash, uniq_pikel, uniq_blork_the_orc
D:5:      layout_cave_pools, lemuel_doored_altar, minmay_stone_trees_small
D:6:      layout_basic, vehumet_altar_wand_db,
          minmay_temple_entry_drinking_statues
D:7:      layout_rooms
D:8:      layout_gridville, minitemple, old_standard_altar, dpeg_lair_monsters,
          basic_altar, serial_shops, shop
Temple:   dshaligram_water_room_temple
Lair:1:   beast_lair_carwin_large_3, layout_big_grid, lemuel_fruit_fields
Lair:2:   layout_long_grid, nicolae_swamp_entry_splash_gauntlet,
          minmay_snake_entry_spellcaster, basic_altar, serial_bayou_pond_a,
          infiniplex_staircase_pool_2, lemuel_fruit_fields

Skill      XL: |  1  2  3  4  5  6  7  8  9 10 |
---------------+-------------------------------+-----
Dodging        | 3 4 5 6 |  6.8
Armour         | 1 2 3 4 5 6 |  6.0
Unarmed Combat | 3 4 5 7 8 9 |  9.1
Fighting       | 4 5 6 7 |  7.5
Stealth        | |  1.7

Action                   |  1- 3 |  4- 6 |  7- 9 | 10-12 || total
-------------------------+-------+-------+-------+-------++-------
Melee: Unarmed           |    22 |    92 |   556 |    38 ||   708
       Dagger            |   106 |   186 |       |       ||   292
       Punch             |     2 |     5 |    12 |     2 ||    21
       Spear             |       |       |    20 |     2 ||    22
Throw: Dart              |       |       |     4 |       ||     4
Invok: Sacrifice Arcana  |       |       |     1 |       ||     1
  Use: Scroll            |       |     6 |     4 |     1 ||    11
       Potion            |       |       |     8 |     2 ||    10
 Stab: Sleeping          |     1 |       |     1 |       ||     2
       Distracted        |       |     1 |     6 |     1 ||     8
  Eat: Chunk             |     1 |     8 |    19 |     2 ||    30
       Ration            |       |       |     2 |       ||     2
Armor: Ring mail         |    44 |    19 |    90 |     9 ||   162
       Scale mail        |       |    88 |    55 |       ||   143
Dodge: Dodged            |    65 |   152 |   311 |    28 ||   556

Table legend:
 A = Non-vault XP
 B = Vault XP
 C = Vault XP percentage of total XP
 D = Non-vault monster count
 E = Vault monster count
 F = Vault count percentage of total count
                 A         B        C        D         E       F
            +---------+---------+-------+---------+---------+-------
      Total |    5618 |    1252 |  18.2 |     200 |      35 |  14.9
            +---------+---------+-------+---------+---------+-------
        D:1 |      52 |      27 |  34.2 |      27 |       7 |  20.6
        D:2 |     121 |      76 |  38.6 |      26 |      13 |  33.3
        D:3 |     229 |       4 |   1.7 |      34 |       2 |   5.6
        D:4 |     283 |     610 |  68.3 |      17 |       4 |  19.0
        D:5 |     668 |       0 |   0.0 |      23 |       0 |   0.0
        D:6 |     582 |       1 |   0.2 |      16 |       1 |   5.9
        D:7 |    1623 |       0 |   0.0 |      29 |       0 |   0.0
        D:8 |     674 |     534 |  44.2 |      23 |       8 |  25.8
     Lair:2 |    1386 |       0 |   0.0 |       5 |       0 |   0.0
            +---------+---------+-------+---------+---------+-------
